 Dungeon Crawl Stone Soup version 0.30.0-12-gd5a94ecb5d (webtiles) character file.

Game seed: 6287867203056804862

5 Leibowitz the Poker (level 1, 0/16 HPs)
             Began as a Merfolk Gladiator on May 17, 2023.
             Slain by a frilled lizard (3 damage)
             ... on level 1 of the Dungeon.
             The game lasted 00:00:36 (172 turns).

Leibowitz the Poker (Merfolk Gladiator)              Turns: 172, Time: 00:00:38

Health: 0/16       AC:  4    Str: 14    XL:     1   Next: 80%
Magic:  1/1        EV: 13    Int:  7    God:
Gold:   22         SH:  0    Dex: 15    Spells: 0/0 levels left

rFire   . . .        a - +0 trident
rCold   . . .        (no shield)
rNeg    . . .        b - +0 leather armour
rPois   .            c - +0 helmet
rElec   .            (no cloak)
rCorr   .            (no gloves)
SInv    .            (no boots)
Will    .....        (no amulet)
Stlth   +            (no ring)
HPRegen 0.22/turn    (no ring)
MPRegen 0.07/turn

%: no passive effects
@: no status effects
A: (nimble swimmer 2), mertail
a: no special abilities


You were on level 1 of the Dungeon.
You visited 1 branch of the dungeon, and saw 1 of its levels.

You collected 22 gold pieces.

Inventory:

Hand Weapons
 a - a +0 trident (weapon)
Missiles
 d - 3 throwing nets (quivered)
 e - a javelin
Armour
 b - a +0 leather armour (worn)
 c - a +0 helmet (worn)
Scrolls
 f - a scroll of magic mapping {unknown}
 g - 2 scrolls of enchant weapon {unknown}


   Skills:
 * Level 2.2 Fighting
 * Level 4.2 Polearms
 - Level 2.0 Throwing
 * Level 4.2 Dodging


You couldn't memorise any spells.
You didn't know any spells.
Your spell library was empty.

Dungeon Overview and Level Annotations

Branches:
Dungeon (1/15)

Altars:


Innate Abilities, Weirdness & Mutations

((You are very nimble when in or above water. (Stealth+, EV+, Speed+++)))
Your lower body shifts to a powerful aquatic tail in water.


Message History

g - a scroll labelled YBRYJU QILAHAM You now have 14 gold pieces.
You now have 22 gold pieces (gained 8).
g - 2 scrolls labelled YBRYJU QILAHAM (gained 1)
A bat comes into view.
A bat is nearby!
The bat hits you but does no damage.
You closely miss the bat. The bat closely misses you. The bat misses you.
You barely miss the bat. The bat hits you but does no damage.
The bat closely misses you. The bat misses you.
You hit the bat but do no damage. The bat hits you but does no damage.
You barely miss the bat. The bat barely misses you.
You barely miss the bat. The bat closely misses you.
You closely miss the bat. The bat completely misses you.
You puncture the bat!
You kill the bat!
A frilled lizard comes into view.
The frilled lizard hisses angrily.
You hear a shout!
A hobgoblin and a bat come into view.
A kobold comes into view. It is wielding a +0 whip.
The bat closely misses you.
You puncture the bat!
You kill the bat!
The frilled lizard bites you but does no damage.
The frilled lizard bites you but does no damage.
You see here a bat corpse.
You miss the frilled lizard. The hobgoblin closely misses you.
The frilled lizard bites you.
You barely miss the frilled lizard. The kobold hits you with a +0 whip.
The hobgoblin barely misses you. The frilled lizard bites you.
You closely miss the frilled lizard. The kobold hits you but does no damage.
The hobgoblin completely misses you.
The frilled lizard bites you but does no damage.
You closely miss the frilled lizard. The kobold hits you with a +0 whip.
The hobgoblin barely misses you.
The frilled lizard bites you but does no damage.
The hobgoblin hits you.
* * * LOW HITPOINT WARNING * * *
The frilled lizard bites you.
You die...

. ..###########
...............#
.....###.......########
......................#
.....###..............##
.... #..............)##
.....###.................
#...................###
#....l@.............#
#....Kg..##.......###
#........##).[....#
#........##.......#
#........##.......#
#........##.....†)#
#........##.......#
#........##.......#
#.......#####


You could see a hobgoblin, a kobold and a frilled lizard.

Vanquished Creatures
  An endoplasm (D:1)
  A giant cockroach (D:1)
  A kobold (D:1)
  2 bats (D:1)
5 creatures vanquished.

Notes
Turn   | Place    | Note
-------+----------+-------------------------------------------
     0 | D:1      | Leibowitz the Merfolk Gladiator began the quest for the
                  | Orb.
     0 | D:1      | Reached XP level 1. HP: 16/16 MP: 1/1
   172 | D:1      | Slain by a frilled lizard

Illustrated notes

Levels and vault maps discovered:
D:1:      minmay_arrival_doors, layout_basic

Action                     || total
---------------------------++-------
  Melee: Trident           ||    31
 Armour: Leather armour    ||    14
  Dodge: Dodged            ||    30
